 Dungeon Crawl Stone Soup version 0.26-a0-466-g989023bd0d (webtiles) character file.

Game seed: 18250861786500384450

74 MrRokkomies the Skirmisher (level 4, -2/39 HPs)
             Began as a Palentonga Delver on July 29, 2020.
             Slain by an iguana (3 damage)
             ... on level 3 of the Dungeon.
             The game lasted 00:04:46 (2231 turns).

MrRokkomies the Skirmisher (Palentonga Delver)      Turns: 2231, Time: 00:04:47

Health: -2/39      AC: 10    Str: 11    XL:     4   Next: 9%
Magic:  4/4        EV:  2    Int: 20    God:
Gold:   101        SH:  0    Dex: 11    Spells: 3/3 levels left

rFire    . . .     SeeInvis +   a - +2 hand axe (vorpal)
rCold    . . .     Faith    .   (no shield)
rNeg     . . .     Spirit   .   e - +3 chain mail of Qixeol {-Cast Str-4 Int+8}
rPois    .         Reflect  .   (no helmet)
rElec    .         Harm     .   (no cloak)
rCorr    .         NoCast   +   (no gloves)
MR       .....                  (boots restricted)
Stlth    ..........             (no amulet)
HPRegen  0.13/turn              (no ring)
MPRegen  0.09/turn              (no ring)

@: heavily drained
A: large, rugged brown scales 3, see invisible, deformed body, roll, armoured
tail
a: Rolling Charge


You were on level 3 of the Dungeon.
You visited 1 branch of the dungeon, and saw 3 of its levels.

You collected 101 gold pieces.

Inventory:

Hand Weapons
 a - a +2 vorpal hand axe (weapon)
Missiles
 k - 30 sling bullets
 n - 19 poisoned darts (quivered)
Armour
 b - a +0 leather armour
 e - the +3 chain mail of Qixeol (worn) {-Cast Str-4 Int+8}
   (You found it on level 5 of the Dungeon)

   It affects your strength (-4).
   It affects your intelligence (+8).
   It prevents spellcasting.
Wands
 g - a wand of digging (3)
 m - a wand of flame (12)
Scrolls
 c - 2 scrolls of fog
 d - a scroll of magic mapping
 f - a scroll of identify
 h - a scroll of teleportation {unknown}
 i - a scroll of blinking {unknown}
 o - a scroll of enchant weapon {unknown}
Potions
 j - 2 potions of stabbing
 l - a potion of mutation {unknown}


   Skills:
 * Level 3.9(2.6) Fighting
 * Level 3.1(1.9) Axes
 + Level 2.1(0.9) Dodging
 - Level 3.4(2.2) Stealth


You had 3 spell levels left.
You didn't know any spells.
Your spell library was empty.

Dungeon Overview and Level Annotations

Branches:
Dungeon (5/15)
 Temple: D:4-7

Altars:


Innate Abilities, Weirdness & Mutations

You are completely covered in rugged brown scales. (AC +3, +7% HP)
You have supernaturally acute eyesight. (SInv)
Armour fits poorly on your strangely shaped body.
You can roll at foes to attack.
You have a long armoured tail.


Message History

The iguana bites you but does no damage.
You barely miss the iguana.
The iguana is heavily wounded.
The iguana bites you.
You hit the iguana.
The iguana is severely wounded.
The iguana bites you but does no damage.
You closely miss the iguana.
The iguana is severely wounded.
The iguana bites you!
* * * LOW HITPOINT WARNING * * *
The iguana bites you!
* * * LOW HITPOINT WARNING * * *
You hit the iguana but do no damage.
The iguana is severely wounded.
The iguana bites you but does no damage.
You hit the iguana but do no damage.
The iguana is severely wounded.
The iguana bites you.
You die...

#.......# #.......#
#.........
#####.......#
###############......##
#......................
#.....................
#..(.?...8.......8...
#.l@................
#.#.....8.........8.)
#.#..............)..
##.#....8......(8...
###.#...#..#.#(.#...
..#.######)..######
###.#...#..#(#..#...
#.#................
#.#.................


You could see an iguana.

Vanquished Creatures
  4 adders
  An ooze (D:3)
  A leopard gecko (D:3)
  6 orcs (D:3)
  2 bats (D:3)
  2 giant cockroaches
  4 goblins (D:3)
  A hobgoblin (D:3)
  A quokka (D:3)
  A frilled lizard (D:3)
  4 kobolds (D:3)
  A rat (D:3)
28 creatures vanquished.

Notes
Turn   | Place    | Note
-------+----------+-------------------------------------------
     0 | D:5      | MrRokkomies the Palentonga Delver began the quest for the
                  | Orb.
     0 | D:5      | Reached XP level 1. HP: 19/19 MP: 1/1
    39 | D:4      | Reached XP level 2. HP: 17/25 MP: 2/2
   222 | D:5      | Noticed an ogre
   267 | D:5      | Noticed a scorpion
   777 | D:5      | Got a bloodstained chain mail
  1095 | D:4      | Identified the +3 chain mail of Qixeol {-Cast Str-4 Int+8}
                  | (You found it on level 5 of the Dungeon)
  1121 | D:4      | Reached XP level 3. HP: 16/31 MP: 3/3
  1332 | D:4      | Noticed a scorpion
  1983 | D:3      | Reached XP level 4. HP: 39/39 MP: 4/4
  2229 | D:3      | HP: 1/39 [iguana (10)]
  2231 | D:3      | Slain by an iguana

Illustrated notes

Levels and vault maps discovered:
D:3:      wad_pebble_path, layout_basic
D:4:      layout_loops_ring
D:5:      layout_basic

Skill      XL: |  1  2  3 |
---------------+----------+-----
Dodging        | 2 |  2.1
Axes           | 3 |  3.1
Fighting       | |  3.9
Stealth        | |  3.4

Action                   |  1- 3 |  4- 6 || total
-------------------------+-------+-------++-------
Melee: Hand axe          |    93 |    28 ||   121
       Tailslap          |     3 |     1 ||     4
 Abil: Rolling Charge    |     2 |       ||     2
  Use: Scroll            |     4 |       ||     4
       Potion            |     1 |       ||     1
Armor: Leather armour    |     9 |       ||     9
       Chain mail        |    74 |    25 ||    99
Dodge: Dodged            |    31 |     3 ||    34

Table legend: (Time is in decaauts)
 A = Elapsed time spent in this place.
 B = Non-inter-level travel time spent in this place.
 C = Inter-level travel time spent in this place.
 D = Time resting spent in this place.
 E = Time spent auto-exploring this place.
 F = Levels seen in this place.
 G = Mean time per level.
                   A        B        C        D        E       F      G
               +--------+--------+--------+--------+--------+-----+--------+
         Total |   2234 |   2226 |      8 |    917 |    756 |   3 |  744.7 |
       Dungeon |   2234 |   2226 |      8 |    917 |    756 |   3 |  744.7 |
               +--------+--------+--------+--------+--------+-----+--------+

Top non-repeatable levels by time:
     D:3: 895 daAuts
     D:5: 697 daAuts
     D:4: 641 daAuts
